 Dungeon Crawl Stone Soup version 0.23-a0-831-g5da158a (console) character file.

15586 Duffy the Blocker (level 12, -10/116 HPs)
             Began as a Naga Fighter on Jan 23, 2019.
             Was a Priest of the Shining One.
             Mangled by an orc warrior
             ... wielding a +0 dire flail
              (12 damage)
             ... on level 2 of the Orcish Mines.
             The game lasted 00:20:21 (14570 turns).

Duffy the Blocker (Naga Fighter)                   Turns: 14570, Time: 00:20:21

Health: -10/116    AC:  0    Str: 19    XL:     12   Next: 28%
Magic:  17/17      EV:  8    Int: 13    God:    the Shining One [***...]
Gold:   634        SH:  0    Dex: 11    Spells: 11/11 levels left

rFire    . . .     SeeInvis +   c - +2 dagger (elec)
rCold    + . .     Gourm    .   n - +2 large shield
rNeg     + . .     Faith    .   o - +0 troll leather armour
rPois    +         Spirit   .   e - +0 helmet
rElec    .         Reflect  .   (no cloak)
rCorr    .         Harm     +   (no gloves)
MR       +....                  (no barding)
Stlth    ..........             E - amulet of harm
HPRegen  0.69/turn              G - ring of protection from cold
MPRegen  0.15/turn              g - ring of flight

@: confused, divine shield, corroded, glowing, very slow
A: large, see invisible, deformed body, poison resistance, slowness 2, slow
metabolism 1, spit poison 1, AC +4
a: Spit Poison, Divine Shield, Renounce Religion, Evoke Flight


You were on level 2 of the Orcish Mines.
You worshipped the Shining One.
The Shining One was most pleased with you.
You were not hungry.

You visited 3 branches of the dungeon, and saw 14 of its levels.
You also visited: Bailey.

You collected 842 gold pieces.
You spent 208 gold pieces at shops.

Inventory:

Hand Weapons
 a - a +0 war axe
 c - a +2 dagger of electrocution (weapon)
Missiles
 w - 12 curare-tipped needles
 A - 3 throwing nets (quivered)
Armour
 e - a +0 helmet (worn)
 k - the +1 leather armour of Komagila {-Tele rN+ MR+}
   (You found it in a bailey)

   It protects you from negative energy.
   It affects your resistance to hostile enchantments.
   It prevents most forms of teleportation.
 n - a +2 large shield (worn)
 o - a +0 troll leather armour (worn)
 r - a +3 chain mail
Magical Staves
 p - an uncursed staff of air
Jewellery
 g - a ring of flight (right hand)
 E - an amulet of harm (around neck)
 G - a ring of protection from cold (left hand)
Wands
 j - a wand of flame (27)
 y - a wand of polymorph (1)
 z - a wand of iceblast (32)
 D - a wand of digging (6)
Scrolls
 i - 6 scrolls of remove curse
 q - a scroll of immolation
 t - a scroll of enchant weapon {unknown}
 u - 2 scrolls of teleportation
 x - a scroll of brand weapon {unknown}
 C - 3 scrolls of magic mapping
Potions
 d - a potion of might
 h - 2 potions of flight
 l - 3 potions of cancellation
 s - 6 potions of curing
 B - a potion of agility
 J - a potion of mutation
Comestibles
 f - 28 rations


   Skills:
 + Level 9.7 Fighting
 - Level 3.4 Axes
 - Level 2.4 Armour
 + Level 12.7 Shields
 + Level 6.8 Invocations
 - Level 5.0 Evocations


You had 11 spell levels left.
You didn't know any spells.
Your spell library contained the following spells:

 Spells                   Type           Power        Failure   Level  Hunger
 Sting                    Conj/Pois      #...         52%         1    ##.....
 Summon Butterflies       Summ           #.......     52%         1    ##.....
 Poisonous Vapours        Pois/Air       #.....       65%         2    ###....
 Call Canine Familiar     Summ           #.......     87%         3    ####...
 Mephitic Cloud           Conj/Pois/Air  #.......     87%         3    ####...
 Olgreb's Toxic Radiance  Pois           #.......     99%         4    #####..
 Summon Ice Beast         Ice/Summ       #.......     99%         4    #####..
 Summon Mana Viper        Hex/Summ       #.......     100%        5    ######.
 Venom Bolt               Conj/Pois      #.........   100%        5    ######.
 Summon Hydra             Summ           #.........   100%        7    #######


Dungeon Overview and Level Annotations

Branches:
Dungeon (11/15)            Temple (1/1) D:5            Lair (0/6) D:8
    Orc (2/2) D:9
    Elf: Orc:2

Altars:
Ashenzari
Cheibriados
Dithmenos
Elyvilon
Fedhas
Gozag
Hepliaklqana
Kikubaaqudgha
Makhleb
Nemelex Xobeh
Okawaru
Qazlal
Ru
Sif Muna
Trog
Uskayaw
Vehumet
Wu Jian
Xom
Yredelemnul
Zin
The Shining One
Beogh

Shops:
D:4 (   D:5 }   D:6 }   D:9 [


Innate Abilities, Weirdness & Mutations

You cannot wear boots.
Your serpentine skin is tough. (AC +4)
You have supernaturally acute eyesight. (SInv)
Armour fits poorly on your strangely shaped body.
Your system is resistant to poisons. (rPois)
You cover ground very slowly.
You have a slow metabolism.
You can spit poison.


Message History

The orc barely misses you. The hellwing hits you.
The hellwing closely misses you. The rust devil hits you.
The rust devil corrodes you! The hellwing hits you. The hellwing hits you!
The orc hits you from afar with a +0 trident.
Your surroundings suddenly seem different.
An orc warrior comes into view. It is wielding a +0 dire flail.
The orc warrior shouts!
An orc comes into view. It is wielding a +0 flail.
The orc shouts!
An orc comes into view. It is wielding a +0 dagger.
The orc shouts!
You hear a shout! x2
An orc comes into view. It is wielding a +1 dagger of venom.
You block the orc's attack. You block the orc warrior's attack.
Found 30 gold pieces.
An orc comes into view. It is wielding a +0 whip.
You are confused.
You feel invigorated. The orc hits you with a +0 whip.
The orc barely misses you.
The orc warrior hits you with a +0 dire flail!
You die...

## ##.## #
..#.#...##.$##
......o@o....#
.....ooo.#..##
....#.....# #
...#........ .
#.........
.......#.##
.........##
......##.##


You could see an orc warrior and 4 orcs.

Vanquished Creatures
  An orc warlord (D:9)
  A centaur warrior (D:11)
  2 two-headed ogres
  An ogre mage (D:8)
  An orc high priest (D:9)
  An unseen horror (D:10)
  An orc knight (Bailey)
  An ugly thing (D:11)
  A komodo dragon (D:9)
  2 trolls (D:9)
  Prince Ribbit (D:5)
  A hippogriff (D:10)
  Sigmund (D:5)
  3 hogs (D:7)
  A wraith (D:10)
  A human (D:7)
  6 yaks
  2 hungry ghosts
  7 wargs
  A water moccasin (D:7)
  14 orc warriors
  5 ice beasts
  A necrophage (D:11)
  2 sky beasts
  A black bear (D:9)
  An eye of draining (D:10)
  2 centaurs
  4 ogres
  A phantom (D:10)
  5 bullfrogs
  A gnoll sergeant (D:7)
  4 scorpions
  A water moccasin zombie (D:11)
  9 wights (D:7)
  An electric eel (D:10)
  4 crimson imps
  5 bullfrog zombies
  2 quasits
  2 hounds
  10 orc priests
  2 jellies
  20 orc wizards
  A centaur skeleton (D:6)
  6 iguanas
  7 worker ants
  A killer bee zombie (D:10)
  A hound skeleton (D:4)
  Robin (D:3)
  A howler monkey zombie (D:11)
  9 adders
  A howler monkey skeleton (D:11)
  18 gnolls
  2 shadow imps (D:8)
  An ooze (D:1)
  An adder skeleton (D:6)
  An adder zombie (D:6)
  3 worms
  4 dart slugs
  6 leopard geckos
  69 orcs
  A ball python (D:2)
  3 giant cockroaches
  20 goblins
  9 hobgoblins
  8 jackals
  15 kobolds
  10 quokkas
  10 bats
  6 frilled lizards
  A quokka skeleton (D:5)
  A quokka zombie (D:3)
  10 rats
360 creatures vanquished.

Notes
Turn   | Place    | Note
-------+----------+-------------------------------------------
     0 | D:1      | Duffy the Naga Fighter began the quest for the Orb.
     0 | D:1      | Reached XP level 1. HP: 21/21 MP: 1/1
   243 | D:1      | Reached XP level 2. HP: 16/28 MP: 2/2
   612 | D:1      | Reached XP level 3. HP: 29/34 MP: 3/3
   812 | D:1      | Reached skill level 3 in Shields
  1183 | D:2      | Reached XP level 4. HP: 33/42 MP: 4/4
  2515 | D:3      | Reached skill level 4 in Shields
  2515 | D:3      | Reached XP level 5. HP: 45/49 MP: 5/5
  2607 | D:3      | Noticed Robin
  2744 | D:3      | Killed Robin
  3346 | D:4      | Found Umuma's Antique Weapon Shoppe.
  3357 | D:4      | Reached XP level 6. HP: 56/56 MP: 6/6
  3376 | D:4      | Reached skill level 5 in Shields
  3638 | D:4      | Reached XP level 7. HP: 52/62 MP: 7/7
  3707 | D:4      | Reached skill level 6 in Shields
  4027 | D:5      | Entered Level 5 of the Dungeon
  4073 | D:5      | Found a staircase to the Ecumenical Temple.
  4081 | Temple   | Entered the Ecumenical Temple
  4216 | Temple   | Became a worshipper of the Shining One
  4374 | D:5      | Reached skill level 1 in Invocations
  4897 | D:5      | Found a shadowy altar of Dithmenos.
  4966 | D:5      | Noticed Sigmund
  4979 | D:5      | Killed Sigmund
  4979 | D:5      | Reached skill level 7 in Shields
  4979 | D:5      | Reached XP level 8. HP: 63/69 MP: 8/10
  5022 | D:5      | Found Itwerini's Gadget Emporium.
  5022 | D:5      | Noticed Prince Ribbit
  5038 | D:5      | Killed Prince Ribbit
  5520 | D:5      | Bought a wand of iceblast (12) for 208 gold pieces
  5585 | D:6      | Reached skill level 1 in Evocations
  5785 | D:6      | Found Mujow's Gadget Shoppe.
  6278 | D:6      | Reached * piety under the Shining One
  6292 | D:6      | Found a deep blue altar of Sif Muna.
  6297 | D:6      | Found an opulent altar of Gozag.
  6434 | D:7      | Reached skill level 5 in Invocations
  6591 | D:7      | Reached XP level 9. HP: 65/75 MP: 12/12
  6822 | D:7      | Reached skill level 8 in Shields
  7018 | D:7      | Reached ** piety under the Shining One
  7273 | D:7      | Reached skill level 5 in Evocations
  7316 | D:7      | You fall through a shaft for 3 floors!
  7316 | D:10     | Entered Level 10 of the Dungeon
  7316 | D:10     | Noticed a komodo dragon
  7317 | D:10     | Noticed an unseen horror
  7320 | D:10     | Noticed a two-headed ogre
  7416 | D:9      | Noticed a troll
  7426 | D:9      | Killed a troll
  7505 | D:9      | Reached skill level 9 in Shields
  7565 | D:8      | Found a staircase to the Lair.
  7622 | D:8      | Found a flagged portal.
  7636 | Bailey   | Entered a bailey
  7987 | Bailey   | Noticed an orc knight
  8006 | Bailey   | Reached skill level 5 in Fighting
  8008 | Bailey   | Killed an orc knight
  8008 | Bailey   | Reached XP level 10. HP: 91/91 MP: 13/13
  8046 | Bailey   | Found an iron altar of Okawaru.
  8063 | Bailey   | Got a shimmering leather armour
  8074 | Bailey   | Identified the +1 leather armour of Komagila {-Tele rN+
                  | MR+} (You found it in a bailey)
  8788 | D:8      | Found a white marble altar of Elyvilon.
  8975 | D:8      | Found a shattered altar of Ashenzari.
  9186 | D:8      | Reached skill level 10 in Shields
  9458 | D:8      | Noticed an ogre mage
  9467 | D:8      | Killed an ogre mage
  9989 | D:9      | Found a staircase to the Orcish Mines.
 10136 | D:9      | Found Huvo's Antique Armour Shop.
 10288 | D:9      | Found a blossoming altar of Fedhas.
 10503 | D:9      | Found a roughly hewn altar of Beogh.
 10859 | D:10     | Killed an unseen horror
 10859 | D:10     | Reached XP level 11. HP: 88/103 MP: 14/14
 10865 | D:9      | Reached skill level 11 in Shields
 11075 | D:9      | Killed a two-headed ogre
 11232 | D:10     | Reached *** piety under the Shining One
 11554 | D:10     | Reached skill level 12 in Shields
 12463 | D:11     | Noticed a centaur warrior
 12475 | D:11     | Killed a centaur warrior
 12564 | D:11     | Noticed a cyan ugly thing
 12576 | D:11     | Killed a green ugly thing
 12931 | D:11     | Found a shimmering altar of Xom.
 13031 | D:11     | Noticed a two-headed ogre
 13039 | D:11     | Killed a two-headed ogre
 13351 | Orc:1    | Entered Level 1 of the Orcish Mines
 13576 | Orc:2    | Entered Level 2 of the Orcish Mines
 13651 | Orc:2    | Noticed an orc high priest
 13659 | Orc:2    | Noticed an orc warlord
 13690 | Orc:2    | Noticed an orc high priest
 13803 | D:9      | Killed an orc warlord
 13803 | D:9      | Reached XP level 12. HP: 42/115 MP: 14/16
 14057 | Orc:1    | HP: 5/115 [warg (16)]
 14058 | Orc:1    | The Shining One protects you from harm!
 14335 | Orc:2    | Noticed a soul eater
 14406 | Orc:2    | Noticed a sun demon
 14508 | Orc:1    | Noticed a soul eater
 14515 | D:9      | Killed an orc high priest
 14568 | Orc:2    | HP: 4/116 [hellwing[an orc high priest] (8)]
 14568 | Orc:2    | HP: 1/116 [orc/+0 trident (3)]
 14570 | Orc:2    | Mangled by an orc warrior

Vault maps used:
D:1:      ebering_hopf_link
D:2:      first_ration
D:3:      uniq_robin
D:4:      serial_shops, shop
D:5:      marbit_many_paths, minmay_temple_entry_offerings, serial_shops, shop,
          uniq_sigmund, uniq_prince_ribbit1
D:6:      minitemple, serial_shops, nicolae_shop_waterfront,
          corexii_leaking_fountain
D:7:      grunt_livestock, minmay_misc_feat_alley
D:8:      lemuel_round_altar, lair_entry_dummy, basic_altar, enter_bailey_7,
          kennysheep_just_a_vault
D:9:      david_orc_2, serial_shops, shop, special_room, fedhas_altar_1
D:10:     water_maze_lemuel
D:11:     basic_altar
Temple:   regret_index_temple_mists
Orc:1:    serial_shops, nicolae_shop_overgrown_old_shop
Orc:2:    st_orc_town, serial_shops, shop, shop, shop, shop
Bailey:   bailey_axe_3, bailey

Skill      XL: |  1  2  3  4  5  6  7  8  9 10 11 |
---------------+----------------------------------+-----
Shields        | 3 4 5 7 9 10 12 | 12.7
Axes           | 3 |  3.4
Invocations    | 3 5 6 |  6.8
Evocations     | 3 5 |  5.0
Fighting       | 5 8 9 |  9.7
Armour         | |  2.4

Action                   |  1- 3 |  4- 6 |  7- 9 | 10-12 || total
-------------------------+-------+-------+-------+-------++-------
Melee: War axe           |   117 |    33 |    18 |    13 ||   181
       Dagger            |       |   135 |   342 |   666 ||  1143
Throw: Throwing net      |       |       |       |     1 ||     1
Invok: Divine Shield     |       |       |       |    10 ||    10
 Abil: Spit Poison       |       |     3 |    14 |     3 ||    20
Evoke: Wand              |       |       |       |     4 ||     4
  Use: Scroll            |       |       |    16 |     6 ||    22
       Potion            |       |       |     2 |     3 ||     5
  Eat: Chunk             |       |     7 |    12 |    18 ||    37
       Ration            |       |       |     1 |       ||     1
Armor: Scale mail        |    58 |    50 |    81 |    23 ||   212
       Skin              |       |       |     7 |       ||     7
       Troll leather arm |       |       |       |    80 ||    80
Dodge: Dodged            |    41 |    11 |    43 |   108 ||   203
Block: Shield            |    84 |     1 |       |       ||    85
       Large shield      |       |   137 |   359 |   711 ||  1207

Table legend:
 A = Non-vault XP
 B = Vault XP
 C = Vault XP percentage of total XP
 D = Non-vault monster count
 E = Vault monster count
 F = Vault count percentage of total count
                 A         B        C        D         E       F
            +---------+---------+-------+---------+---------+-------
      Total |   16431 |    5836 |  26.2 |     273 |      87 |  24.2
            +---------+---------+-------+---------+---------+-------
        D:1 |      45 |       0 |   0.0 |      24 |       0 |   0.0
        D:2 |     113 |       0 |   0.0 |      25 |       0 |   0.0
        D:3 |     105 |      38 |  26.6 |      20 |      12 |  37.5
        D:4 |     532 |       0 |   0.0 |      18 |       0 |   0.0
        D:5 |     213 |     558 |  72.4 |      11 |       3 |  21.4
        D:6 |     640 |       0 |   0.0 |      21 |       0 |   0.0
        D:7 |    1266 |     983 |  43.7 |      32 |       5 |  13.5
        D:8 |     624 |     907 |  59.2 |      20 |       5 |  20.0
        D:9 |    5762 |    1806 |  23.9 |      33 |      36 |  52.2
       D:10 |    3153 |       0 |   0.0 |      38 |       0 |   0.0
       D:11 |    3387 |       0 |   0.0 |      22 |       0 |   0.0
      Orc:1 |     548 |     631 |  53.5 |       8 |       9 |  52.9
      Orc:2 |      43 |      41 |  48.8 |       1 |       1 |  50.0
     Bailey |       0 |     872 | 100.0 |       0 |      16 | 100.0
            +---------+---------+-------+---------+---------+-------
